Map: New Repugnancy LE

Players

TiPtOP - Winner!

  • Race: Terran Terran
  • League: Silver
  • Spawn Location: 7:00

Bregkamp

  • Race: Zerg Zerg
  • League: Gold
  • Spawn Location: 1:00

VOD

Have the link to the VOD?

Description

Time

  • Played on: Aug. 18, 2019, 9:20 a.m.
  • Length: 20:04
Show
View Real Time Build Order
Export as new Build Order

TiPtOP Terran - Winner!

Build Orders: Mech 

Get SALT Encoding   

  12  0:00  SCV  
  13  0:13  SCV  
  14  0:20  Supply Depot  
  14  0:25  SCV  
  15  0:42  SCV  
  16  0:44  Barracks  
  16  0:50  Refinery  
  16  0:54  SCV  
  17  1:07  SCV  
  18  1:19  SCV  
  19  1:31  SCV  
  20  1:36  Marine  
  21  1:45  Command Center  
  21  1:54  Orbital Command  
  20  2:25  Barracks Tech Lab  
  20  2:28  SCV, Supply Depot  
  21  2:51  Supply Depot  
  21  2:54  Marine  
  20  3:10  Factory  
  20  3:12  Marine  
  21  3:17  Bunker  
  21  3:26  SCV  
  22  3:29  Refinery  
  22  3:38  SCV  
  23  3:51  SCV  
  24  4:07  Supply Depot  
  24  4:09  SCV  
  25  4:13  Siege Tank  
  25  4:17  Barracks Reactor  
  28  4:21  SCV  
  29  4:27  Factory  
  29  4:33  SCV  
  30  4:45  SCV  
  31  4:57  SCV  
  32  5:02  Siege Tank  
  35  5:09  SCV  
  36  5:16  Factory Reactor  
  36  5:24  Armory  
  36  5:31  Engineering Bay  
  36  5:32  SCV  
  37  5:42  Siege Tank  
  40  5:44  SCV  
  41  5:54  Hellion  
  41  5:55  Hellion  
  45  6:05  Orbital Command  
  45  6:07  SCV  
  46  6:18  Missile Turret  
  46  6:19  SCV  
  47  6:31  SCV  
  48  6:35  Bunker  
  48  6:44  SCV x2  
  50  6:54  Thor, Command Center  
  50  6:56  Factory, SCV  
  57  7:07  SCV  
  59  7:08  SCV  
  59  7:10  Refinery x2  
  59  7:16  Supply Depot  
  59  7:18  Supply Depot  
  59  7:20  SCV x2  
  61  7:26  Supply Depot  
  61  7:32  SCV  
  62  7:37  Thor  
  62  7:38  SCV  
  62  7:44  Missile Turret  
  69  7:48  Supply Depot, Factory Tech Lab  
  69  8:09  Hi-Sec Auto Tracking  
  69  8:18  Hellion x2  
  73  8:20  Thor  
  79  8:32  Missile Turret  
  79  8:34  Terran Vehicle Weapons Level 1  
  79  8:35  SCV  
  79  8:36  SCV  
  79  8:40  Hellion  
  83  8:49  Hellion  
  85  8:57  Armory  
  85  9:01  Hellion  
  87  9:03  Thor, Supply Depot  
  87  9:05  Supply Depot  
  93  9:11  Hellion  
  93  9:13  Supply Depot  
  95  9:24  Missile Turret  
  95  9:46  Thor  
  95  9:50  Supply Depot  
  101  10:11  Command Center  
  101  10:12  Factory, Supply Depot  
  101  10:22  Factory  
  101  10:45  SCV x3  
  104  10:55  Refinery  
  104  10:56  Refinery  
  104  10:57  SCV  
  104  10:58  SCV, Orbital Command  
  106  11:13  SCV  
  107  11:25  SCV  
  107  11:28  SCV  
  107  11:29  SCV  
  107  11:31  Command Center  
  110  11:38  SCV  
  111  11:40  SCV  
  111  11:41  SCV, Hellbat x3  
  111  11:44  Factory Tech Lab  
  111  11:45  Factory Reactor  
  119  11:52  SCV  
  120  12:02  Thor, Hellbat  
  120  12:04  Infernal Pre-Igniter  
  120  12:05  Smart Servos  
  120  12:08  Terran Vehicle Weapons Level 2  
  128  12:09  Terran Vehicle And Ship Armor Level 1  
  128  12:12  Hellion  
  130  12:23  Hellion  
  130  12:28  Supply Depot  
  130  12:29  Supply Depot  
  132  12:30  Supply Depot  
  132  12:45  Thor  
  132  12:49  Planetary Fortress  
  138  12:52  Supply Depot  
  138  12:54  Supply Depot x2  
  138  13:12  Hellion x2  
  142  13:27  Thor  
  142  13:29  Neosteel Armor  
  142  13:33  Hellion x2, Planetary Fortress  
  152  13:50  Command Center  
  152  13:56  Command Center  
  116  14:10  Thor  
  108  14:21  Supply Depot  
  86  14:39  Hellion x2  
  86  14:44  Thor x2  
  86  14:45  Hellbat x2  
  100  14:53  Thor  
  105  15:01  Hellion x2  
  105  15:07  Hellbat  
  111  15:08  Planetary Fortress  
  111  15:17  Missile Turret x2  
  111  15:18  Missile Turret  
  111  15:22  Hellion  
  111  15:26  Thor  
  111  15:27  Thor  
  126  15:35  SCV  
  126  15:36  Thor  
  126  15:39  SCV x3  
  135  15:47  SCV  
  136  15:51  SCV  
  136  15:56  Refinery  
  137  15:59  Missile Turret  
  137  16:00  Missile Turret, SCV  
  137  16:01  Missile Turret  
  138  16:04  Hellion x2  
  138  16:07  Hellion x2  
  138  16:09  Thor x2  
  157  16:19  Thor  
  157  16:23  Hellion  
  162  16:52  Thor x2  
  174  17:02  Thor  
  168  17:19  Hellion x3  
  172  17:24  SCV  
  172  17:29  Refinery  
  173  17:32  Command Center  
  173  17:35  Thor x2  
  173  17:36  SCV, Orbital Command  
  186  17:41  Hellion x3  
  192  17:44  Thor  
  192  17:49  SCV  
  160  18:27  Thor  
  147  18:46  Hellion  
  147  18:47  Hellion x5  
  150  19:08  Hellion x5  
  178  19:38  Refinery  
  178  19:40  Command Center  
  178  19:42  Refinery  
Show
View Real Time Build Order
Export as new Build Order

Bregkamp Zerg 

Build Orders: Hatch First, Brood Lord Corruptor 

Get SALT Encoding   

  12  0:01  Drone  
  13  0:08  Drone  
  14  0:16  Overlord  
  14  0:35  Drone  
  15  0:49  Drone, Hatchery  
  15  0:55  Drone  
  16  1:08  Spawning Pool  
  15  1:13  Drone, Extractor  
  15  1:20  Drone  
  16  1:30  Drone  
  16  1:32  Overlord  
  17  1:37  Drone  
  18  1:55  Queen  
  18  1:59  Zergling x4  
  22  2:10  Queen  
  22  2:13  Drone  
  25  2:23  Drone x2  
  25  2:27  Metabolic Boost  
  27  2:31  Drone  
  28  2:39  Zergling x2  
  28  2:40  Drone x2  
  31  2:50  Overlord  
  31  3:00  Drone x2  
  31  3:03  Queen  
  35  3:13  Extractor  
  35  3:16  Lair  
  35  3:17  Baneling Nest  
  33  3:21  Drone x2  
  33  3:22  Zergling x2  
  36  3:35  Drone  
  36  3:36  Drone x2  
  36  3:40  Drone x3  
  42  4:09  Drone x2  
  44  4:11  Overlord x2  
  44  4:25  Overlord x2  
  44  4:31  Drone x3, Extractor  
  47  4:32  Zergling x4  
  48  4:39  Centrifical Hooks  
  48  4:42  Drone  
  49  4:48  Evolution Chamber  
  47  4:53  Infestation Pit  
  46  5:10  Overlord x2, Drone  
  46  5:12  Zergling x10  
  52  5:16  Zerg Melee Weapons Level 1  
  52  5:23  Spire  
  52  5:26  Zergling x4  
  52  5:27  Drone  
  54  5:40  Hatchery  
  48  5:57  Neural Parasite  
  48  6:01  Drone x2  
  48  6:02  Drone x2  
  52  6:15  Drone x3, Extractor  
  52  6:16  Overlord x2  
  52  6:17  Infestor  
  56  6:29  Hive  
  56  6:40  Zergling x6  
  56  6:41  Zergling x2  
  60  6:51  Queen  
  60  6:52  Drone  
  63  6:56  Extractor  
  63  6:59  Corruptor x3, Extractor  
  67  7:18  Zerg Ground Armor Level 1  
  67  7:25  Drone x3  
  70  7:50  Infestor x2  
  74  7:55  Drone x2  
  77  7:58  Drone  
  77  8:03  Overlord x2  
  77  8:04  Zergling x2  
  77  8:05  Zergling x6  
  81  8:06  Infestor  
  81  8:11  Baneling  
  83  8:18  Infestor  
  85  8:23  Drone  
  86  8:44  Drone x2  
  88  8:48  Greater Spire  
  88  8:54  Hatchery  
  87  9:06  Overseer  
  87  9:09  Infestor x4  
  95  9:22  Drone x4  
  99  9:25  Zergling x2  
  99  9:26  Zergling x6  
  103  9:35  Extractor  
  103  9:37  Extractor  
  103  9:38  Pathogen Glands  
  101  9:39  Zerg Ground Armor Level 2  
  101  9:55  Drone x3  
  101  9:56  Drone x2  
  106  10:04  Baneling x5  
  106  10:05  Baneling x6  
  106  10:06  Baneling x6  
  106  10:07  Baneling x6  
  106  10:08  Baneling x3  
  106  10:11  Drone x2  
  108  10:19  Drone x2  
  110  10:31  Infestor x2  
  114  10:39  Baneling x3  
  114  10:40  Baneling x6  
  114  10:41  Baneling  
  114  10:42  Baneling  
  114  10:43  Baneling  
  114  10:49  Drone x2  
  116  10:50  Infestor  
  116  10:56  Queen  
  118  10:59  Drone x2  
  118  11:03  Drone  
  123  11:12  Zergling x6  
  123  11:13  Zergling x2  
  123  11:14  Overlord x3  
  123  11:15  Overlord x3  
  127  11:25  Overlord x2  
  127  11:31  Hatchery  
  126  11:44  Brood Lord x3  
  126  11:46  Corruptor x6  
  142  11:52  Drone  
  145  12:02  Zergling x4  
  145  12:03  Zergling x10  
  145  12:04  Drone  
  153  12:12  Zergling x10  
  153  12:13  Zergling x2  
  159  12:19  Extractor  
  159  12:22  Extractor  
  157  12:40  Brood Lord x2  
  157  12:41  Corruptor x2, Brood Lord x2  
  157  12:42  Corruptor x2, Infestor x2  
  177  12:46  Infestor  
  177  12:49  Drone  
  177  12:50  Queen  
  182  12:54  Overlord  
  182  13:08  Corruptor x3  
  182  13:09  Corruptor  
  182  13:11  Zergling x4  
  182  13:12  Zergling x10  
  197  13:31  Drone x2  
  170  14:15  Zergling x6  
  170  14:16  Zergling x6, Corruptor x4, Infestor x2  
  128  14:35  Corruptor x3  
  128  14:36  Corruptor, Infestor x4  
  128  14:37  Infestor x2  
  148  14:46  Zergling x6  
  148  14:48  Infestor  
  153  15:03  Brood Lord x3  
  159  15:33  Zergling x8  
  159  15:34  Zergling x14  
  170  15:40  Zergling x6  
  170  15:41  Zergling x2  
  174  15:46  Drone  
  174  15:49  Drone  
  176  16:01  Infestor x5  
  186  16:26  Corruptor x2  
  186  16:27  Corruptor, Infestor x3  
  151  17:22  Brood Lord x5  
  159  17:23  Brood Lord x4  
  159  17:24  Zergling x8  
  159  17:25  Zergling x10  
  159  17:26  Zergling x12  
  159  17:27  Zergling x10  
  187  17:52  Zergling x12  
  162  18:25  Corruptor x3  
  162  18:26  Infestor x5  
  133  18:57  Infestor x3  
  133  18:58  Infestor x3  
  145  19:04  Drone  
  134  19:17  Brood Lord  
  134  19:18  Brood Lord  
  134  19:20  Zergling x8  
  134  19:21  Zergling x12  
  134  19:22  Zergling x8  
Tags
 
Add a new tag
Caveats
  • Supply blocks, unpowered buildings, or Contaminate may cause inaccurate times.
  • Supply counts are checked every 10 seconds.